 Dungeon Crawl Stone Soup version 0.31-a0-819-gf6de2f5ab6 (webtiles) character file.

Game seed: 14704261973806987013

1174 Kurtz the Cleaver (level 8, 0/52 HPs)
             Began as an Octopode Fighter on Sept 23, 2023.
             Slain by a gnoll sergeant
             ... wielding a +0 spear
              (9 damage)
             ... on level 5 of the Dungeon on Sept 24, 2023.
             The game lasted 00:08:37 (5149 turns).

Kurtz the Cleaver (Octopode Fighter)                Turns: 5149, Time: 00:08:37

Health: 0/52       AC:  3    Str: 16    XL:     8   Next: 41%
Magic:  8/8        EV: 13    Int: 10    God:
Gold:   109        SH:  4    Dex: 13    Spells: 7/7 levels left

rFire   . . .        a - +0 war axe
rCold   . . .        b - +0 buckler
rNeg    . . .        d - +2 hat
rPois   .            (no amulet)
rElec   .            (no ring)
rCorr   .            (no ring)
SInv    .            (no ring)
Will    .....        (no ring)
Stlth   ++           (no ring)
HPRegen 0.28/turn    (no ring)
MPRegen 0.11/turn    (no ring)
                     (no ring)

%: no passive effects
@: mighty
A: almost no armour, amphibious, 8 rings, camouflage 1, gelatinous body 1,
(nimble swimmer 1), tentacles
a: no special abilities


You were on level 5 of the Dungeon.
You visited 1 branch of the dungeon, and saw 5 of its levels.

You collected 227 gold pieces.
You spent 118 gold pieces at shops.

Inventory:

Hand Weapons
 a - a +0 war axe (weapon)
Missiles
 l - 8 poisoned darts (quivered)
 m - 2 curare-tipped darts
Armour
 b - a +0 buckler (worn)
 d - a +2 hat (worn)
Wands
 q - a wand of charming (3)
 y - a wand of iceblast (7)
Scrolls
 i - a scroll of brand weapon {unknown}
 j - 5 scrolls of teleportation
 o - a scroll of noise {unknown}
 p - 3 scrolls of revelation
 r - 5 scrolls of identify {unknown}
 s - a scroll of vulnerability {unknown}
 t - 2 scrolls of poison {unknown}
 u - a scroll of torment {unknown}
 w - a scroll of fog {unknown}
Potions
 e - a potion of degeneration {unknown}
 f - a potion of mutation {unknown}
 g - a potion of invisibility {unknown}
 h - a potion of haste {unknown}
 k - a potion of brilliance {unknown}
 n - 2 potions of cancellation {unknown}
 v - 2 potions of curing {unknown}
 x - a potion of heal wounds {unknown}


   Skills:
 - Level 3.0 Fighting
 * Level 10.0 Axes
 - Level 3.0 Dodging
 - Level 3.0 Shields


You had 7 spell levels left.
You didn't know any spells.
Your spell library contained the following spells:

 Spells                   Type           Power      Damage    Failure   Level
 Magic Dart               Conj           0%         1d3       43%         1
 Call Imp                 Summ           0%         N/A       58%         2
 Sublimation of Blood     Necr           0%         N/A       58%         2
 Wereblood                Tmut           0%         N/A       58%         2
 Inner Flame              Hex/Fire       0%         N/A       82%         3
 Mephitic Cloud           Conj/Pois/Air  0%         N/A       82%         3
 Flame Wave               Conj/Fire      0%         2d4       99%         4
 Olgreb's Toxic Radiance  Pois           0%         N/A       99%         4
 Sticky Flame             Conj/Fire      0%         2d3       99%         4
 Summon Hydra             Summ           0%         N/A       100%        7
 Discord                  Hex            0%         N/A       100%        8
 Ignition                 Fire           0%         3d3       100%        8


Dungeon Overview and Level Annotations

Branches:
Dungeon (5/15)
 Temple: D:4-7

Altars:

Shops:
D:3 :   D:4 ???

Annotations:
D:2 1 runed translucent door, Crazy Yiuf
D:3 Sigmund


Innate Abilities, Weirdness & Mutations

You cannot wear most types of armour.
You are amphibious.
You can wear up to eight rings at the same time.
Your skin changes colour to match your surroundings (Stealth+).
Your rubbery body absorbs attacks. (AC +1, EV +1)
((You are camouflaged when in or above water. (Stealth+)))
You have tentacles for arms and can constrict up to eight enemies at once.


Message History

a +0 spear; a gnoll corpse; a scorpion corpse You slash the gnoll!
You grab the gnoll. You squeeze the gnoll.
You kill the gnoll!
You slash Menkaure! You grab Menkaure.
Menkaure is heavily damaged.
You constrict Menkaure, but do no damage.
Menkaure hits you!!
You are too injured to fight recklessly!
You are too injured to fight recklessly!
You slash Menkaure!
Menkaure is almost destroyed.
You constrict Menkaure. Menkaure barely misses you.
You block the gnoll sergeant's attack.
Unknown command.
You slice Menkaure!!
You destroy Menkaure!
The gnoll sergeant barely misses you.
Your Axes skill increases to level 10!
Unknown command.
Found a scroll labelled APHUACAMIT.
The gnoll sergeant barely misses you. The gnoll barely misses you.
You see here a +0 spear.
You closely miss the gnoll sergeant. You grab the gnoll sergeant.
You slash the gnoll! You barely miss the gnoll.
You constrict the gnoll sergeant, but do no damage.
You block the gnoll sergeant's attack. The gnoll hits you with a +0 club.
The gnoll hits you with a +0 flail.
* * * LOW HITPOINT WARNING * * *
Unknown command.
You release your grip on the gnoll sergeant.
The gnoll sergeant hits you from afar with a +0 spear.
* * * LOW HITPOINT WARNING * * *
Things that are here:
a +0 spear; a gnoll corpse; a scorpion corpse Unknown command.
You completely miss the gnoll. Your grab misses the gnoll.
You squeeze the gnoll!
The gnoll is severely wounded.
The gnoll sergeant hits you from afar with a +0 spear!
You die...

##...###..#
#######..### ##.#
#.......## ###..#
#......#####...##
#..##### #...###
## ###..#
#..######
.###....#
#.......#
.......##
##...####
######## ##@###
#g## # ......gg.#
# ..?.......# ##
..####.....# .#
........ ##
...##..... .# #.#
#..### ## #. ..#


You could see a gnoll sergeant and 2 gnolls.

Vanquished Creatures
  Menkaure (D:5)
  An ice beast (D:5)
  A black bear (D:4)
  An ogre (D:5)
  3 scorpions
  A hound (D:4)
  4 iguanas
  An orc priest (D:4)
  Ijyb (D:5)
  Jessica (D:3)
  3 orc wizards
  3 gnolls (D:5)
  7 adders
  5 worms
  A dart slug (D:1)
  7 orcs
  10 ball pythons
  14 endoplasms
  3 giant cockroaches
  11 goblins
  5 hobgoblins
  7 jackals (D:5)
  6 quokkas
  7 bats
  4 frilled lizards
  16 kobolds
  14 rats
138 creatures vanquished.

Vanquished Creatures (collateral kills)
  An ogre (D:5)
  An endoplasm (D:4)
  A kobold (D:4)
3 creatures vanquished.

Vanquished Creatures (others)
  An ufetubus (D:5)
  An orc (D:4)
2 creatures vanquished.

Grand Total: 143 creatures vanquished

Notes
Turn   | Place    | Note
-------+----------+-------------------------------------------
     0 | D:1      | Kurtz the Octopode Fighter began the quest for the Orb.
     0 | D:1      | Reached XP level 1. HP: 16/16 MP: 1/1
    76 | D:1      | Reached XP level 2. HP: 21/21 MP: 2/2
   152 | D:1      | Reached skill level 3 in Axes
   355 | D:1      | Reached XP level 3. HP: 26/26 MP: 3/3
   880 | D:2      | Reached skill level 4 in Axes
   927 | D:2      | Reached XP level 4. HP: 14/31 MP: 4/4
  1541 | D:2      | Found a runed translucent door.
  1542 | D:2      | Noticed Crazy Yiuf
  1908 | D:3      | Noticed Jessica
  1913 | D:3      | Killed Jessica
  1914 | D:3      | Reached skill level 5 in Axes
  1915 | D:3      | Reached XP level 5. HP: 36/36 MP: 5/5
  2302 | D:3      | Found Deviek's Book Shoppe.
  2444 | D:3      | Noticed Sigmund
  2640 | D:4      | Reached skill level 6 in Axes
  2640 | D:4      | Reached XP level 6. HP: 38/42 MP: 6/6
  2675 | D:4      | Found Deilez's Magic Scroll Shop.
  2856 | D:4      | Found Jobb's Magic Scroll Shop.
  2866 | D:4      | Bought a scroll of teleportation for 36 gold pieces
  3224 | D:4      | Found Qyupsuasch's Magic Scroll Boutique.
  3232 | D:4      | Bought a scroll of revelation for 82 gold pieces
  3279 | D:4      | Noticed a black bear
  3294 | D:4      | Killed a black bear
  3295 | D:4      | Reached skill level 7 in Axes
  3421 | D:4      | Reached XP level 7. HP: 29/46 MP: 7/7
  4026 | D:5      | Entered Level 5 of the Dungeon
  4211 | D:5      | Reached skill level 8 in Axes
  4417 | D:5      | HP: 1/46 [ice beast (10)]
  4594 | D:5      | Reached skill level 9 in Axes
  4594 | D:5      | Reached XP level 8. HP: 39/52 MP: 8/8
  5003 | D:5      | Noticed Ijyb
  5011 | D:5      | Killed Ijyb
  5135 | D:5      | Noticed Menkaure
  5145 | D:5      | Killed Menkaure
  5146 | D:5      | Reached skill level 10 in Axes
  5149 | D:5      | Slain by a gnoll sergeant

Illustrated notes

Levels and vault maps discovered:
D:1:      moated_graveyard_arrival, layout_basic, serial_rivers,
          chequers_serial_rivers_small_3, chequers_serial_rivers_room_b,
          chequers_serial_rivers_large_b, chequers_serial_rivers_micro_e
D:2:      layout_loops_ring, uniq_crazy_yiuf_cottage
D:3:      wad_river_or_something, layout_basic, serial_shops,
          nicolae_shop_advertising_works [nicolae_subvault_shop_adworks],
          hangedman_decor_points, serial_bayou_pond_a, uniq_sigmund,
          uniq_jessica
D:4:      layout_cave_pods, serial_shops, kennysheep_mini_moat, shop,
          nicolae_shop_trees
D:5:      layout_layer_cave, serial_glass, glass_columns_b, glass_columns_b,
          kennysheep_small_square, uniq_ijyb, uniq_menkaure

Skill      XL: |  1  2  3  4  5  6  7  8 |
---------------+-------------------------+-----
Axes           | 3 4 5 6 7 9 10 | 10.0
Fighting       | |  3.0
Dodging        | |  3.0
Shields        | |  3.0

Action                     |  1- 3 |  4- 6 |  7- 9 || total
---------------------------+-------+-------+-------++-------
  Melee: War axe           |    68 |   107 |    86 ||   261
         Constrict         |    15 |    27 |    22 ||    64
         Tentacles         |     4 |    23 |    22 ||    49
  Throw: Dart              |       |     1 |    11 ||    12
  Evoke: Wand              |       |     4 |     4 ||     8
    Use: Potion            |       |       |     1 ||     1
   Stab: Sleeping          |    13 |    12 |     4 ||    29
 Armour: Skin              |    18 |    37 |    41 ||    96
  Dodge: Dodged            |    29 |    59 |    48 ||   136
  Block: Buckler           |     6 |    10 |    15 ||    31

Table legend: (Time is in decaauts)
 A = Elapsed time spent in this place.
 B = Non-inter-level travel time spent in this place.
 C = Inter-level travel time spent in this place.
 D = Time resting spent in this place.
 E = Time spent auto-exploring this place.
 F = Levels seen in this place.
 G = Mean time per level.
                   A        B        C        D        E       F      G
               +--------+--------+--------+--------+--------+-----+--------+
         Total |   5212 |   4854 |    358 |    754 |   3143 |   5 | 1042.4 |
       Dungeon |   5212 |   4854 |    358 |    754 |   3143 |   5 | 1042.4 |
               +--------+--------+--------+--------+--------+-----+--------+

Top non-repeatable levels by time:
     D:4: 1165 daAuts
     D:3: 1134 daAuts
     D:2: 1120 daAuts
     D:5: 972 daAuts
     D:1: 819 daAuts
